 Dungeon Crawl Stone Soup version 0.31.0-11-ge490571c62 (webtiles) character file.

Game seed: 17405819892597657851

12424 hawla the Slicer (level 11, -4/84 (85) HPs)
             Began as a Deep Elf Earth Elementalist on Feb 7, 2024.
             Was an Elder of Vehumet.
             Slain by a hell hound (6 damage)
             ... in a Gauntlet.
             The game lasted 00:45:52 (11834 turns).

hawla the Slicer (Deep Elf Earth Elementalist)     Turns: 11834, Time: 00:45:53

HP:   -4/84 (85)    AC: 11    Str:  5    XL:     11   Next: 62%
MP:   21/26         EV: 19    Int: 29    God:    Vehumet [****..]
Gold: 415           SH:  0    Dex: 21    Spells: 10/29 levels left

rFire   + . .        z - +5 lajatang "Ynkinnio" {pain, ^Contam Will- Int+4 Dex+6}
rCold   . . .        (shield currently unavailable)
rNeg    + . .        a - +2 robe
rPois   .            (no helmet)
rElec   .            t - +0 cloak
rCorr   .            (no gloves)
SInv    .            q - +1 pair of boots
Will    .....        (no amulet) Stlth
                     h - ring of positive energy
HPRegen 0.34/turn    e - +4 ring of protection
MPRegen 0.20/turn

%: no teleportation, random rage (3%)
@: berserking, lightly drained, very quick
A: berserk 1, fire resistance 1
a: Renounce Religion


You were in a Gauntlet.
You worshipped Vehumet.
Vehumet was greatly pleased with you.
You visited 2 branches of the dungeon, and saw 12 of its levels.
You also visited: Sewer and Gauntlet.

You collected 679 gold pieces.
You spent 264 gold pieces at shops.

Inventory:

Hand Weapons
 s - a +2 quarterstaff of chaos
 w - the +1 dagger "Duyschid" {protect, Int+8}
   (You found it on level 6 of the Dungeon)

   Int+8:     It affects your intelligence (+8).
 z - the +5 lajatang "Ynkinnio" (weapon) {pain, ^Contam Will- Int+4 Dex+6}
   (You found it in a Gauntlet)

   Int+4:     It affects your intelligence (+4).
   Dex+6:     It affects your dexterity (+6).
   Will-:     It decreases your willpower.
   ^Contam:   It causes magical contamination when unequipped.
Armour
 a - a +2 robe (worn)
 q - a +1 pair of boots (worn)
 t - a +0 cloak (worn)
Magical Staves
 A - a staff of death
Jewellery
 e - a +4 ring of protection (right hand)
 h - a ring of positive energy (left hand)
Wands
 u - a wand of digging (5)
 v - a wand of iceblast (33) (quivered)
 y - a wand of paralysis (12)
Scrolls
 d - 7 scrolls of teleportation
 i - a scroll of torment
 k - 2 scrolls of vulnerability
 n - a scroll of immolation
 x - 2 scrolls of amnesia
Potions
 b - a potion of magic
 f - 8 potions of lignification
 g - 2 potions of brilliance
 j - 5 potions of haste
 l - 5 potions of enlightenment
 m - 5 potions of curing
 o - a potion of resistance {unknown}
 p - a potion of might
Miscellaneous
 c - a phantom mirror (inert)


   Skills:
 - Level 2.0 Fighting
 - Level 10.0 Short Blades
 + Level 1.0 Staves
 - Level 9.4 Dodging
 - Level 4.0 Stealth
 - Level 1.0 Unarmed Combat
 - Level 9.5 Spellcasting
 - Level 5.0 Conjurations
 + Level 1.2 Necromancy
 - Level 5.7 Translocations
 - Level 9.6 Earth Magic
 - Level 3.0 Alchemy
 - Level 6.0 Evocations


You had 10 spell levels left.
You knew the following spells:

 Your Spells              Type           Power      Damage    Failure   Level
a - Sandblast             Erth           100%       2d20      1%          1
b - Stone Arrow           Conj/Erth      100%       3d13      1%          3
c - Brom's Barrelling Bo  Conj/Erth      54%        2d7       1%          4
d - Petrify               Alch/Erth      50%        N/A       3%          4
e - Passwall              Erth           62%        N/A       1%          3
f - Iskenderun's Mystic   Conj/Tloc      45%        2d10      1%          4

Your spell library contained the following spells:

 Spells                   Type           Power      Damage    Failure   Level
 Dazzling Flash           Conj/Hex       56%        N/A       1%          3
 Gell's Gravitas          Tloc           47%        N/A       1%          3
 Teleport Other           Tloc           47%        N/A       1%          3
 Volatile Blastmotes      Fire/Tloc      60%        2d15      1%          3
 Fulminant Prism          Conj/Alch      18%        3d10      2%          4
 Ensorcelled Hibernation  Hex/Ice        26%        N/A       6%          2
 Fugue of the Fallen      Necr           20%        N/A       7%          3
 Anguish                  Hex/Necr       8%         N/A       30%         4
 Dispersal                Tloc           23%        N/A       50%         6


Dungeon Overview and Level Annotations

Branches:
Dungeon (11/15)            Temple (1/1) D:5            Lair (0/5) D:10
    Orc (0/2) D:10          Sewer (visited)         Gauntlet (1/1)

Altars:
Ashenzari
Cheibriados
Dithmenos
Elyvilon
Fedhas
Gozag
Hepliaklqana
Kikubaaqudgha
Makhleb
Nemelex Xobeh
Okawaru
Qazlal
Ru
Sif Muna
Trog
Uskayaw
Vehumet
Wu Jian
Xom
Yredelemnul
Zin
The Shining One

Shops:
D:1 !   D:4 !   D:5 !   D:8 [

Portals:
Trove: D:10 (give horn of Geryon)

Annotations:
D:6 3 runed translucent doors, michknight7's ghost, novice DEEE
D:8 2 transporters, Drazool's ghost, novice NaFE Gauntlet 7 transporters


Innate Abilities, Weirdness & Mutations

You sometimes lose your temper in combat.
Your flesh is heat resistant. (rF+)


Message History

The stone arrow hits the hell hound!
The hell hound is almost dead.
The hell hound completely misses you.
The hell hound bites you but does no damage.
The balrug gestures at you. The bolt of fire hits you!! You resist.
* * * LOW HITPOINT WARNING * * *
The hell hound barely misses you. x2
Unknown command.
A red film seems to cover your vision as you go berserk!
You feel yourself moving faster!
You feel mighty! The hell hound misses you.
The hell hound breathes flames at you. The blast of flame hits you. You resist.
* * * LOW HITPOINT WARNING * * *
You slash the balrug!
The balrug is lightly wounded.
The hell hound bites you but does no damage.
The hell hound closely misses you.
The balrug hits you with a +3 demon whip of draining.
* * * LOW HITPOINT WARNING * * *
You are engulfed in flames!
You resist.
* * * LOW HITPOINT WARNING * * *
You partially resist.
You feel drained. The hell hound completely misses you.
The hell hound bites you but does no damage.
You slice the balrug!!
The balrug is moderately wounded.
The balrug completely misses you. The hell hound breathes flames at you.
The blast of flame misses you. The blast of flame hits you. You resist.
* * * LOW HITPOINT WARNING * * *
The blast of flame hits the hell hound.
The hell hound completely resists.
The hell hound closely misses you.
You slash the balrug!
The balrug is heavily wounded.
The balrug misses you. The hell hound misses you.
The hell hound completely misses you.
You closely miss the balrug.
The balrug is heavily wounded.
The hell hound barely misses you. The hell hound bites you.
You die...

## ### ######### ### #
##≈###≈###.......###≈###≈
#≈≈≈#≈≈≈#..∩.⌠.∩..#≈≈≈#≈≈
#≈.....................≈
##.#########.#########.#
##≈.#.[.©)?.#.#[.#©#!:#.≈
#≈≈.#.#.#.#.#.#.#.#.#.#.≈
##≈.#.......#.#.#.#.#.#.≈
##.#.#.@2#.###..#©#..#.#
##≈.#..hh...#.#D#.#.#.#.≈
#≈≈.#.⌠.8.8.#.#.#.#.#.#.≈
##≈.#.......#.#..#.#..#.≈
##.#########.#########.#
##≈....#©.........©#....≈
#≈≈..⌠.#.⌠.⌠.⌠.⌠.⌠.#.⌠..≈
##≈....#©.........©#....≈
##.###################.#


You could see a balrug, an eight-headed hydra and 2 hell hounds.

Vanquished Creatures
  A fire crab (Gauntlet)
  A gargoyle (D:10)
  Maggie (D:6)
  An unseen horror (D:10)
  A hornet (D:9)
  5 wyverns (D:10)
  2 wraiths
  4 yaks (D:9)
  3 fire bats (Gauntlet)
  2 steam dragons
  3 swamp worms (Gauntlet)
  4 water moccasins
  3 orc warriors
  2 sky beasts
  5 black bears
  A wolf (D:10)
  10 centaurs
  An ogre (D:5)
  2 phantoms (D:4)
  3 bullfrogs
  A gnoll sergeant (D:6)
  Blork the orc (D:5)
  4 kobold brigands
  6 scorpions
  21 killer bees
  2 howler monkeys
  11 orc priests
  6 hounds
  2 jellies
  Crazy Yiuf (D:5)
  2 iguanas
  3 sleepcaps
  8 orc wizards
  9 gnolls (D:6)
  9 adders
  2 river rats
  A shadow imp (D:6)
  A white imp (D:6)
  A dart slug (D:1)
  4 ribbon worms
  32 orcs
  8 endoplasms
  7 giant cockroaches
  6 goblins
  5 hobgoblins
  22 kobolds
  A quokka (D:2)
  9 ball pythons
  9 bats
  9 frilled lizards
  9 rats
267 creatures vanquished.

Vanquished Creatures (collateral kills)
  14 boulders
14 creatures vanquished.

Vanquished Creatures (others)
  11 boulders
11 creatures vanquished.

Grand Total: 292 creatures vanquished

Notes
Turn   | Place    | Note
-------+----------+-------------------------------------------
     0 | D:1      | hawla the Deep Elf Earth Elementalist began the quest for
                  | the Orb.
     0 | D:1      | Reached XP level 1. HP: 10/10 MP: 6/6
   169 | D:1      | Reached skill level 1 in Fighting
   243 | D:1      | Found Vebubb's Distillery.
   247 | D:1      | Reached XP level 2. HP: 16/16 MP: 5/8
  1161 | D:1      | Reached XP level 3. HP: 21/21 MP: 6/9
  1331 | D:2      | Learned a level 3 spell: Stone Arrow
  1591 | D:2      | You fall into a shaft and drop 1 floor!
  1645 | D:2      | Reached XP level 4. HP: 14/26 MP: 1/10
  1650 | D:2      | Learned a level 4 spell: Brom's Barrelling Boulder
  1817 | D:2      | Identified the +6 spear "Weweschoofri" {heavy, Int+3}
  1845 | D:2      | Found a faded altar of an unknown god.
  2277 | D:3      | Reached skill level 1 in Unarmed Combat
  2744 | D:4      | Found Rasuwalo's Distillery.
  2754 | D:4      | Bought a potion of might for 48 gold pieces
  2754 | D:4      | Bought 2 potions of curing for 72 gold pieces
  2754 | D:4      | Bought a potion of curing for 36 gold pieces
  2754 | D:4      | Bought a potion of lignification for 36 gold pieces
  2790 | D:4      | Noticed a scorpion
  2794 | D:4      | Killed a scorpion
  2795 | D:4      | Reached XP level 5. HP: 30/30 MP: 11/11
  3146 | D:4      | Noticed a water moccasin
  3258 | D:4      | Reached skill level 5 in Earth Magic
  3304 | D:4      | Found a glowing drain.
  3312 | D:4      | Noticed a black bear
  3328 | D:4      | HP: 1/30 [adder (1)]
  3331 | Sewer    | Entered a sewer
  3492 | Sewer    | Reached XP level 6. HP: 19/35 MP: 12/12
  3609 | Sewer    | Found a white marble altar of Elyvilon.
  3855 | D:4      | Reached XP level 7. HP: 23/40 MP: 11/15
  3996 | D:4      | Reached skill level 5 in Spellcasting
  4343 | D:5      | Entered Level 5 of the Dungeon
  4347 | D:5      | Gained mutation: You are agile. (Dex +4, Str/Int -1)
                  | [potion of mutation]
  4347 | D:5      | Gained mutation: You have large cloven feet. [potion of
                  | mutation]
  4396 | D:5      | Reached skill level 5 in Dodging
  4543 | D:5      | Found a runed translucent door.
  4544 | D:5      | Noticed Crazy Yiuf
  4578 | D:5      | Found a staircase to the Ecumenical Temple.
  4581 | D:5      | Noticed Blork the orc
  4589 | Temple   | Entered the Ecumenical Temple
  4660 | Temple   | Became a worshipper of Vehumet
  4741 | D:5      | Killed Blork the orc
  5024 | D:5      | Found Loecwol's Distillery.
  5032 | D:5      | Bought a potion of degeneration for 12 gold pieces
  5032 | D:5      | Bought a potion of berserk rage for 60 gold pieces
  5196 | D:5      | Reached XP level 8. HP: 43/44 MP: 18/20
  5341 | D:5      | Killed Crazy Yiuf
  5365 | D:5      | Learned a level 4 spell: Petrify
  5369 | D:5      | Learned a level 3 spell: Passwall
  5582 | D:6      | Identified the +1 dagger "Duyschid" {protect, Int+8}
  5642 | D:6      | Noticed Maggie
  5646 | D:6      | Found a runed translucent gate.
  5659 | D:6      | Killed Maggie
  5756 | D:6      | Found a runed translucent gate.
  5826 | D:6      | Reached skill level 1 in Alchemy
  5935 | D:6      | Found a runed translucent gate.
  6184 | D:6      | Reached skill level 1 in Evocations
  6487 | D:6      | Noticed michknight7's ghost (novice DEEE)
  6728 | D:7      | Lost mutation: You have large cloven feet. [potion of
                  | mutation]
  6728 | D:7      | Lost mutation: You are agile. (Dex +4, Str/Int -1) [potion
                  | of mutation]
  6728 | D:7      | Gained mutation: You sometimes lose your temper in combat.
                  | [potion of mutation]
  6728 | D:7      | Gained mutation: Your flesh is heat resistant. (rF+)
                  | [potion of mutation]
  6856 | D:7      | Reached XP level 9. HP: 43/48 MP: 19/23
  6998 | D:7      | Reached skill level 1 in Short Blades
  7041 | D:7      | Reached skill level 2 in Short Blades
  7137 | D:7      | Reached skill level 3 in Short Blades
  7158 | D:7      | Reached * piety under Vehumet
  7158 | D:7      | Offered knowledge of Sting by Vehumet.
  7279 | D:7      | Reached skill level 4 in Short Blades
  7453 | D:7      | Reached skill level 5 in Short Blades
  7833 | D:8      | Reached skill level 9 in Short Blades
  7833 | D:8      | Reached skill level 5 in Translocations
  7833 | D:8      | Reached XP level 10. HP: 53/53 MP: 24/24
  8074 | D:8      | Noticed a moth of wrath
  8081 | D:8      | Found a bloodstained altar of Trog.
  8081 | D:8      | Noticed Drazool's ghost (novice NaFE)
  8148 | D:8      | Found a transporter.
  8296 | D:8      | Found a hazy altar of Hepliaklqana.
  8465 | D:8      | Found Qeuthraef's Armour Emporium.
  8535 | D:8      | Found a transporter.
  8671 | D:9      | Reached skill level 10 in Short Blades
  8697 | D:9      | Reached ** piety under Vehumet
  8797 | D:9      | Offered knowledge of Scorch by Vehumet.
  9129 | D:9      | Reached skill level 5 in Conjurations
  9441 | D:9      | Reached XP level 11. HP: 49/57 MP: 22/25
  9684 | D:10     | Entered Level 10 of the Dungeon
  9735 | D:10     | Offered knowledge of Hailstorm by Vehumet.
  9736 | D:10     | Reached skill level 5 in Evocations
  9843 | D:10     | Found a hide-covered altar of Uskayaw.
  9843 | D:10     | Found an opulent altar of Gozag.
  9844 | D:10     | Found a sparkling altar of Nemelex Xobeh.
 10216 | D:10     | Reached *** piety under Vehumet
 10221 | D:10     | Found a staircase to the Lair.
 10369 | D:10     | Found a faded altar of an unknown god.
 10456 | D:10     | Offered knowledge of Dazzling Flash by Vehumet.
 10463 | D:10     | Learned a level 4 spell: Iskenderun's Mystic Blast
 10569 | D:10     | Found a staircase to the Orcish Mines.
 10989 | D:10     | Found a portal to a secret trove of treasure.
 11112 | D:10     | Found an iron altar of Okawaru.
 11435 | D:11     | Reached **** piety under Vehumet
 11468 | D:11     | Found a gate leading to a gauntlet.
 11477 | Gauntlet | Entered a Gauntlet
 11477 | Gauntlet | Found a transporter.
 11477 | Gauntlet | Found a transporter.
 11481 | Gauntlet | Noticed a tengu warrior
 11486 | Gauntlet | Found a transporter.
 11490 | Gauntlet | Found a transporter.
 11498 | Gauntlet | Found a transporter.
 11502 | Gauntlet | Found a transporter.
 11504 | Gauntlet | Noticed an eight-headed hydra
 11510 | Gauntlet | Found a transporter.
 11527 | Gauntlet | Found a transporter.
 11529 | Gauntlet | Noticed a balrug
 11542 | Gauntlet | Found a transporter.
 11546 | Gauntlet | Found a transporter.
 11546 | Gauntlet | Noticed an arcanist
 11554 | Gauntlet | Found a transporter.
 11558 | Gauntlet | Found a transporter.
 11565 | Gauntlet | Noticed a fire crab
 11586 | Gauntlet | Killed a fire crab
 11595 | Gauntlet | Identified the +5 lajatang "Ynkinnio" {pain, ^Contam Will-
                  | Int+4 Dex+6}
 11750 | Gauntlet | Reached skill level 1 in Staves
 11750 | Gauntlet | Reached skill level 1 in Necromancy
 11831 | Gauntlet | HP: 4/85 [balrug/+3 demon whip of draining (9)]
 11832 | Gauntlet | HP: 1/84 [hell hound/blast of flame (3)]
 11834 | Gauntlet | Slain by a hell hound

Illustrated notes

Levels and vault maps discovered:
D:1:      scummos_arrival_hexagon, layout_loops_ring, serial_shops,
          nicolae_shop_industrial_runoff, serial_co_window_serial,
          co_window_of_opportunity_a, co_window_of_opportunity_a,
          co_window_corner_a, co_window_of_opportunity_a, co_window_paths_a,
          co_window_of_opportunity_c, co_window_corner_b, co_window_paths_c,
          co_window_broadway_b, co_window_broadway_b, co_window_corner_b,
          co_window_broadway_b, glass_columns_c, glass_columns_a,
          glass_columns_b, glass_columns_b
D:2:      layout_rooms, shapermc_ecumenical_altar_totnotflames, minmay_circle_x
D:3:      layout_basic, feat_on_display
D:4:      layout_loops_ring, mainiacjoe_sewer_entry_somewhere_in_here_1,
          serial_shops, nicolae_shop_crystal,
          nicolae_concentric_dashed_squares_wild, grunt_decor_arrowhead,
          minmay_divided_ellipse
D:5:      layout_gridville, minmay_temple_entry_large_hall, serial_rivers,
          chequers_serial_rivers_micro_a, chequers_serial_rivers_micro_c,
          chequers_serial_rivers_micro_c, chequers_serial_rivers_micro_e,
          chequers_serial_rivers_micro_d, chequers_serial_rivers_large_a,
          serial_shops, nicolae_shop_gibbet_a_chance, uniq_crazy_yiuf_cottage,
          uniq_blork_the_orc
D:6:      layout_basic, gammafunk_ghost_icy, uniq_maggie
D:7:      layout_basic, hangedman_abyss_or_decor_lesser_grid
D:8:      layout_cave_pools, lemuel_tele_altar,
          gammafunk_ghost_wrathful_warriors, serial_shops, kennysheep_mini_moat
D:9:      layout_small_grid, amcnicky_mini_corridor_feature
D:10:     layout_irregular_city, nicolae_overflow_quartered_altars,
          minmay_lair_entry_grove, hiddenorc1_lemuel, serial_column_ruins,
          column_ruins_temple_hall, column_ruins_open_small,
          column_ruins_open_small, column_ruins_open_small,
          column_ruins_open_tiny, enter_trove_0
D:11:     layout_cave_pools, gauntlet_entry_generic, cheibriados_altar_1
Temple:   minmay_temple_bridge_d
Gauntlet: minmay_gauntlet_77_indecision [minmay_gauntlet_arena_77_hold_the_fort,
          minmay_gauntlet_arena_77_double_cross,
          minmay_gauntlet_arena_77_two_paths,
          minmay_gauntlet_arena_77_broken_ladder,
          minmay_gauntlet_arena_77_braids, minmay_gauntlet_arena_77_museum,
          gauntlet_exit_green]

Skill      XL: |  1  2  3  4  5  6  7  8  9 10 11 |
---------------+----------------------------------+-----
Fighting       | 1 2 |  2.0
Conjurations   | 3 5 |  5.0
Unarmed Combat | 1 |  1.0
Stealth        | 4 |  4.0
Earth Magic    | 5 6 8 9 |  9.6
Dodging        | 3 6 8 9 |  9.4
Spellcasting   | 4 6 8 9 |  9.5
Alchemy        | 3 |  3.0
Evocations     | 3 4 6 |  6.0
Short Blades   | 9 10 | 10.0
Translocations | 5 |  5.7
Staves         | 1 |  1.0
Necromancy     | 1 |  1.2

Action                     |  1- 3 |  4- 6 |  7- 9 | 10-12 || total
---------------------------+-------+-------+-------+-------++-------
  Melee: Unarmed           |     4 |       |       |       ||     4
         Spear             |       |   132 |    42 |       ||   174
         Dagger            |       |       |   109 |   157 ||   266
         Quarterstaff      |       |       |    15 |       ||    15
         Punch             |       |       |     1 |     9 ||    10
         Lajatang          |       |       |       |     7 ||     7
   Cast: Sandblast         |    53 |    16 |    29 |    84 ||   182
         Stone Arrow       |     1 |     2 |    36 |    46 ||    85
         Brom's Barrelling |       |     1 |     6 |    27 ||    34
         Petrify           |       |       |       |     8 ||     8
         Iskenderun's Myst |       |       |       |     5 ||     5
         Passwall          |       |       |       |     1 ||     1
  Evoke: Wand              |       |       |       |     3 ||     3
         Phantom mirror    |       |       |       |     1 ||     1
    Use: Scroll            |       |    14 |     7 |     4 ||    25
         Potion            |       |     4 |     4 |     1 ||     9
   Stab: Sleeping          |       |     7 |     8 |     1 ||    16
         Distracted        |       |     1 |       |     1 ||     2
 Armour: Robe              |    20 |   122 |   151 |   164 ||   457
         Skin              |       |     6 |       |       ||     6
  Dodge: Dodged            |    22 |   100 |   212 |   216 ||   550
